 Dungeon Crawl Stone Soup version 0.29-a0-551-gffc1d7fb78 (webtiles) character file.

Game seed: 9138353720629143337

21 ohad the Gusty (level 2, -2/15 HPs)
             Began as a Tengu Air Elementalist on June 5, 2022.
             Slain by a goblin
             ... wielding a +0 club
             ... led by Robin
              (5 damage)
             ... on level 2 of the Dungeon.
             The game lasted 00:01:57 (1120 turns).

ohad the Gusty (Tengu Air Elementalist)             Turns: 1120, Time: 00:01:58

Health: -2/15      AC:  6    Str:  8    XL:     2   Next: 87%
Magic:  1/6        EV: 12    Int: 15    God:
Gold:   58         SH:  0    Dex: 14    Spells: 4/5 levels left

rFire   . . .      SeeInvis .   e - +0 dagger
rCold   . . .      Faith    .   (no shield)
rNeg    . . .      Spirit   .   a - +0 robe
rPois   .          Reflect  .   (helmet restricted)
rElec   .          Harm     .   (no cloak)
rCorr   .          Rampage  .   (no gloves)
Will    .....                   (boots unavailable)
Stlth   ++........              (no amulet)
HPRegen 0.05/turn               c - +4 ring of protection
MPRegen 0.10/turn               (no ring)

@: no status effects
A: beak, talons 3
a: no special abilities


You were on level 2 of the Dungeon.
You visited 1 branch of the dungeon, and saw 2 of its levels.

You collected 58 gold pieces.

Inventory:

Hand Weapons
 e - a +0 dagger (weapon)
 i - a +0 hand axe of flaming
Armour
 a - a +0 robe (worn)
 f - a +0 leather armour
 h - a +0 buckler
Jewellery
 c - a +4 ring of protection (left hand)
Scrolls
 g - a scroll of identify {unknown}
 j - a scroll of teleportation {unknown}
Potions
 b - a potion of magic
 d - a potion of degeneration {unknown}


   Skills:
 - Level 2.1 Dodging
 - Level 2.0 Stealth
 + Level 2.3 Spellcasting
 + Level 1.9 Conjurations
 + Level 4.7 Air Magic


You had 4 spell levels left.
You knew the following spells:

 Your Spells              Type           Power      Damage    Failure   Level
a - Shock                 Conj/Air       44%        1d5       5%          1

Your spell library contained the following spells:

 Spells                   Type           Power      Damage    Failure   Level
 Static Discharge         Conj/Air       11%        N/A       9%          2
 Swiftness                Air            16%        N/A       9%          3
 Airstrike                Air            8%         N/A       30%         4
 Ensorcelled Hibernation  Hex/Ice        2%         N/A       32%         2
 Frozen Ramparts          Ice            2%         1d2       54%         3
 Metabolic Englaciation   Hex/Ice        0%         N/A       99%         5
 Discord                  Hex            0%         N/A       100%        8


Dungeon Overview and Level Annotations

Branches:
Dungeon (2/15)

Altars:

Annotations:
D:2 Robin


Innate Abilities, Weirdness & Mutations

You have a beak for a mouth.
You have claws for feet.


Message History

You kill the goblin!
The zap hits Robin.
Robin is heavily wounded.
The goblin closely misses you.
Unknown command.
Casting: Shock (safe; 5% risk of failure)
Confirm with . or Enter, or press ? or * to list all spells.
Aiming: Shock (safe; 5% risk of failure)
Press: ? - help, Shift-Dir - straight line, f/p - Robin
Aim: Robin, wielding a +0 mace, wearing a +0 animal skin and wearing a +0 helmet (heavily wounded, 77% to hit)
The zap hits the goblin.
You kill the goblin!
The zap hits Robin.
Robin is severely wounded.
A goblin comes into view. It is wielding a +0 club.
Robin throws the goblin at you!
A goblin comes into view. It is wielding a +0 club.
Unknown command.
The goblin shouts!
You hit the goblin. You peck the goblin.
The goblin is severely wounded.
Robin roars a battlecry!
The goblins go into a battle-frenzy!
The goblin hits you but does no damage.
You closely miss the goblin.
The goblin is severely wounded.
A worm comes into view.
A frilled lizard comes into view.
The goblin hits you with a +0 club.
You closely miss the goblin.
The frilled lizard hisses angrily.
Your kick misses the goblin. Your peck misses the goblin.
The goblin is severely wounded.
The goblin barely misses you. Robin throws the goblin at you!
The goblin closely misses you.
You closely miss the goblin.
The goblin is severely wounded.
The goblin hits you with a +0 club.
* * * LOW HITPOINT WARNING * * *
The goblin hits you with a +0 club.
You die...

.) ##. .#..
.g.##+###
#........
#g.......
#........
#######........
#.....#).....w.
#.###.#@....l..
#.# #.#gg......
##########.#
#.#........
...........#
#...†...###
############
#########


You could see a worm, Robin, 3 goblins and a frilled lizard.

Vanquished Creatures
  A dart slug (D:1)
  3 bats
  A giant cockroach (D:1)
  5 goblins
  A hobgoblin (D:1)
  2 quokkas (D:1)
  2 ball pythons (D:1)
  3 rats (D:1)
18 creatures vanquished.

Notes
Turn   | Place    | Note
-------+----------+-------------------------------------------
     0 | D:1      | ohad the Tengu Air Elementalist began the quest for the
                  | Orb.
     0 | D:1      | Reached XP level 1. HP: 10/10 MP: 4/4
   324 | D:1      | Got the Compendium of the Glacial Oath
   605 | D:1      | Reached XP level 2. HP: 15/15 MP: 0/6
  1110 | D:2      | Noticed Robin
  1120 | D:2      | Slain by a goblin

Illustrated notes

Levels and vault maps discovered:
D:1:      dpeg_arrival_snail, layout_basic
D:2:      kennysheep_the_goblin_king, layout_basic, uniq_robin, uniq_jessica,
          uniq_crazy_yiuf_cottage

Action                   || total
-------------------------++-------
Melee: Dagger            ||    16
       Peck              ||     3
       Kick              ||     3
 Cast: Shock             ||    34
Armor: Robe              ||    10
Dodge: Dodged            ||    12

Table legend: (Time is in decaauts)
 A = Elapsed time spent in this place.
 B = Non-inter-level travel time spent in this place.
 C = Inter-level travel time spent in this place.
 D = Time resting spent in this place.
 E = Time spent auto-exploring this place.
 F = Levels seen in this place.
 G = Mean time per level.
                   A        B        C        D        E       F      G
               +--------+--------+--------+--------+--------+-----+--------+
         Total |   1118 |   1102 |     16 |      0 |    977 |   2 |  559.0 |
       Dungeon |   1118 |   1102 |     16 |      0 |    977 |   2 |  559.0 |
               +--------+--------+--------+--------+--------+-----+--------+

Top non-repeatable levels by time:
     D:1: 988 daAuts
     D:2: 130 daAuts
